 Seeded DCSS version 0.28.0-1-gb440e238dd (webtiles) character file.

Game seed: 10844669733645250963 (custom seed)

18 hikkokomori the Shield-Bearer (level 2, -1/24 (25) HPs)
             Began as a Formicid Fighter on Feb 25, 2022.
             Slain by an ice beast (7 damage)
             ... on level 7 of the Dungeon.
             The game lasted 00:01:30 (88 turns).

hikkokomori the Shield-Bearer (Formicid Fighter)      Turns: 88, Time: 00:01:30

HP:   -1/24 (25)    AC:  6    Str: 20    XL:     2   Next: 90%
MP:   2/2           EV:  9    Int:  7    God:
Gold: 19            SH:  4    Dex: 10    Spells: 1/1 levels left

rFire   . . .      SeeInvis +   a - +0 war axe
rCold   . . .      Faith    .   c - +0 buckler
rNeg    . . .      Spirit   .   b - +0 scale mail
rPois   .          Reflect  .   (helmet unavailable)
rElec   .          Harm     .   (no cloak)
rCorr   .          Rampage  .   (no gloves)
Will    .....                   (no boots)
Stlth   ..........              (no amulet)
HPRegen 0.08/turn               (no ring)
MPRegen 0.08/turn               (no ring)

@: lightly drained
A: permanent stasis, dig shafts and tunnels, antennae 3, four strong arms
a: Dig, Shaft Self


You were on level 7 of the Dungeon.
You visited 1 branch of the dungeon, and saw 5 of its levels.

You collected 19 gold pieces.

Inventory:

Hand Weapons
 a - a +0 war axe (weapon)
 f - the +9 heavy crossbow "Sniper" {vorpal, Acc+∞ SInv}
   (You found it on level 2 of the Dungeon)

   Any ammunition fired from it inflicts extra damage upon your enemies.
   Any ammunition fired from it never misses its target.
   SInv:      It lets you see invisible.
Armour
 b - a +0 scale mail (worn)
 c - a +0 buckler (worn)
Scrolls
 e - 4 scrolls of identify {unknown}
Potions
 d - a potion of might


   Skills:
 + Level 3.6 Fighting
 + Level 2.4 Axes
 + Level 3.6 Armour
 - Level 3.6 Shields


You had one spell level left.
You didn't know any spells.
Your spell library was empty.

Dungeon Overview and Level Annotations

Branches:
Dungeon (3/15)

Altars:


Innate Abilities, Weirdness & Mutations

You cannot be hasted, slowed, berserked, paralysed or teleported.
You can dig through walls and to a lower floor.
You have a pair of large antennae on your head. (SInv)
Your four strong arms can wield two-handed weapons with a shield.


Message History

The bat closely misses you.
You barely miss the bat. The bat barely misses you.
The bat hits you but does no damage.
You miss the bat. The bat barely misses you.
The bat hits you but does no damage.
You miss the bat. The bat hits you but does no damage.
The bat closely misses you. The bat hits you. The bat barely misses you.
You hit the bat.
You kill the bat!
Are you sure you want to shaft yourself?
You begin to dig a shaft.
You continue digging a shaft.
A shaft appears beneath you!
You fall into a shaft and drop 2 floors!
The shaft crumbles and collapses.
Found a runed orb.
Are you sure you want to shaft yourself?
You begin to dig a shaft.
You continue digging a shaft.
A shaft appears beneath you!
You fall into a shaft and drop 2 floors!
The shaft crumbles and collapses.
Found 9 arrows.
You closely miss the ice beast. You block the ice beast's attack.
You closely miss the ice beast. The ice beast barely misses you.
You hit the ice beast.
The ice beast is lightly wounded.
The ice beast hits you but does no damage. x2
You hit the ice beast.
The ice beast is moderately wounded.
The ice beast hits you. The ice beast freezes you!
Ouch! That really hurt!
* * * LOW HITPOINT WARNING * * *
You barely miss the ice beast.
The ice beast is moderately wounded.
The ice beast hits you but does no damage.
You hit the ice beast.
The ice beast is moderately wounded.
The ice beast closely misses you. The ice beast hits you.
* * * LOW HITPOINT WARNING * * *
The ice beast freezes you!
You die...

.######
.......##
#..@#
##..Y..#
#...(.#
#......#
#........
#.....####
#######
.....


You could see an ice beast.

Vanquished Creatures
  4 orcs (D:3)
  An endoplasm (D:3)
  A goblin (D:3)
  A ball python (D:2)
  6 bats (D:3)
13 creatures vanquished.

Vanquished Creatures (others)
  9 plants (D:3)
9 creatures vanquished.

Grand Total: 22 creatures vanquished

Notes
Turn   | Place    | Note
-------+----------+-------------------------------------------
     0 | D:1      | hikkokomori the Formicid Fighter began the quest for the
                  | Orb.
     0 | D:1      | Reached XP level 1. HP: 18/18 MP: 1/1
     8 | D:1      | You fall into a shaft and drop 1 floor!
     8 | D:2      | Found the +9 heavy crossbow "Sniper" {vorpal, Acc+∞ SInv}
    17 | D:2      | You fall into a shaft and drop 1 floor!
    27 | D:3      | Reached XP level 2. HP: 17/24 MP: 2/2
    79 | D:3      | You fall into a shaft and drop 2 floors!
    79 | D:5      | Entered Level 5 of the Dungeon
    82 | D:5      | You fall into a shaft and drop 2 floors!
    82 | D:7      | Noticed an ice beast
    88 | D:7      | Slain by an ice beast

Illustrated notes

Levels and vault maps discovered:
D:1:      dpeg_arrival_arbitrary_c, layout_basic,
          dreamdust_ecumenical_altar_grove
D:2:      layout_basic, uniq_robin
D:3:      wad_woods_pond, layout_rooms, roderic_batcave, uniq_sigmund
D:5:      layout_rooms, grunt_decor_arrowhead
D:7:      layout_loops_ring, minmay_temple_entry_butterflies,
          serial_co_window_serial, co_window_paths_a, co_window_paths_a,
          co_window_corner_a, co_window_paths_a, co_window_cross_1,
          co_window_corner_a, co_window_corner_b, co_window_broadway_c,
          co_window_broadway_a, co_window_broadway_a,
          co_window_of_opportunity_b, co_window_corner_b, co_window_paths_d,
          glass_columns_a, glass_columns_c, glass_columns_b, glass_columns_a,
          minmay_misc_feat_square, kennysheep_nondescript, uniq_maggie

Action                   || total
-------------------------++-------
Melee: War axe           ||    35
 Abil: Shaft Self        ||     4
       Dig               ||     1
Armor: Scale mail        ||    25
Dodge: Dodged            ||    34
Block: Buckler           ||    13
